 Dungeon Crawl Stone Soup version 0.16-a0-2755-gf4312ef (webtiles) character file.

50 BluebellGnoll the Conjurer (level 3, -1/19 HPs)
             Began as a Tengu Conjurer on Nov 26, 2014.
             Killed from afar by smajdalf's ghost (12 damage)
             ... with a rocky blast
             ... on level 3 of the Dungeon on Nov 27, 2014.
             The game lasted 00:09:06 (1725 turns).

BluebellGnoll the Conjurer (Tengu Conjurer)         Turns: 1725, Time: 00:09:06

Health: -1/19      AC:  2    Str:  8    XL:     3   Next: 79%
Magic:  1/9        EV: 12    Int: 16    God:
Gold:   42         SH:  0    Dex: 14    Spells: 3 memorised, 3 levels left

rFire  . . .     SeeInvis +     m - +1 dagger (venom)
rCold  . . .     Clarity  .     a - +0 robe
rNeg   . . .     SustAb   .     (no shield)
rPois  .         Gourm    .     (helmet restricted)
rElec  .         Spirit   .     (no cloak)
rCorr  .         Warding  .     (no gloves)
rMut   .         Stasis   .     (boots unavailable)
MR     .....                    (no amulet)
Stlth  ++........               (no ring)
                                j - ring of see invisible

@: not resistant to hostile enchantments, unstealthy
A: beak, talons 3
a: no special abilities


You were on level 3 of the Dungeon.
You were not hungry.

You visited 1 branch of the dungeon, and saw 3 of its levels.

You collected 42 gold pieces.

Inventory:

Hand weapons
 d - a +1 hand axe of freezing
 e - a +0 short sword
 m - a +1 dagger of venom (weapon)
 p - a cursed -3 flail
Missiles
 g - 37 stones (quivered)
Armour
 a - a +0 robe (worn)
Jewellery
 j - a ring of see invisible (left hand)
Scrolls
 k - a scroll of teleportation {unknown}
Potions
 h - a potion of curing {unknown}
 l - a potion of might
Books
 c - a book of Conjurations

   Spells                             Type                      Level
   *Magic Dart                        Conjuration                  1
   *Searing Ray                       Conjuration                  2
   *Dazzling Spray                    Conjuration/Hexes            3
   Fulminant Prism                    Conjuration/Hexes            4
   Iskenderun's Mystic Blast          Conjuration                  4
   Iskenderun's Battlesphere          Conjuration/Charms           5
Comestibles
 b - 3 bread rations
 f - a beef jerky
 n - 2 chunks of flesh
 o - a slice of pizza
 q - 2 meat rations


   Skills:
 - Level 2.1 Dodging
 - Level 2.0 Stealth
 + Level 3.7 Spellcasting
 - Level 5.3 Conjurations


You had 3 spell levels left.
You knew the following spells:

 Your Spells              Type           Power        Failure   Level  Hunger
a - Magic Dart            Conj           ###.         1%          1    None
b - Searing Ray           Conj           ###...       3%          2    ##.....
c - Dazzling Spray        Conj/Hex       ##......     17%         3    ###....


Dungeon Overview and Level Annotations

Branches:
Dungeon (3/15)

Altars:
Cheibriados
Xom

Annotations:
D:3 smajdalf's ghost, average DgEE


Innate Abilities, Weirdness & Mutations

You have a beak for a mouth.
You have claws for feet.


Message History

Press: ? - help, Shift-Dir - straight line, f/p - smajdalf's ghost
Aim: smajdalf's ghost (heavily damaged)
The searing ray hits smajdalf's ghost.
Smajdalf's ghost is severely damaged.
The searing ray hits smajdalf's ghost.
Smajdalf's ghost is severely damaged.
The searing ray hits smajdalf's ghost.
Smajdalf's ghost is almost destroyed.
The searing ray misses smajdalf's ghost.
Smajdalf's ghost casts a spell at you. The rocky blast hits you!
Casting: Searing Ray
Confirm with . or Enter, or press ? or * to list all spells.
You don't have enough magic to cast that spell.
Unknown command.
Unknown command.
Smajdalf's ghost gestures at you while chanting.
The rocky blast hits you!
Ouch! That really hurt!
You die...

#..#..#......# ...#..#......#
##.#..###.#### ......# #.#
###..## #.# #..####.#######
##..............
####.####.#######################
....).........W.@................
###.......#######################
....####..# ##### ....# #..#
#...# .##.## #..###..)####
.#...###...........#
..._...............#
##...#..#..........#
##.##..#....(######


You could see smajdalf's ghost.

Vanquished Creatures
  An adder (D:2)
  An orc (D:3)
  A ball python (D:1)
  6 giant cockroaches
  4 goblins
  4 hobgoblins
  3 jackals (D:2)
  7 kobolds
  3 bats (D:1)
  A giant gecko zombie (D:3)
  4 giant newts
  A jackal zombie (D:3)
  A quokka skeleton (D:3)
  2 rats
39 creatures vanquished.

Notes
Turn   | Place    | Note
--------------------------------------------------------------
     0 | D:1      | BluebellGnoll, the Tengu Conjurer, began the quest for the Orb.
     0 | D:1      | Reached XP level 1. HP: 10/10 MP: 3/3
   310 | D:1      | Reached XP level 2. HP: 15/15 MP: 2/6
   383 | D:1      | Learned a level 2 spell: Searing Ray
   383 | D:1      | Upgraded the game from 0.16-a0-2710-g8b41a68 to 0.16-a0-2755-gf4312ef
  1035 | D:2      | Reached XP level 3. HP: 19/19 MP: 7/9
  1040 | D:2      | Learned a level 3 spell: Dazzling Spray
  1228 | D:2      | Found a shimmering altar of Xom.
  1486 | D:3      | Found a snail-covered altar of Cheibriados.
  1521 | D:3      | Noticed smajdalf's ghost (average DgEE)
  1725 | D:3      | Killed from afar by smajdalf's ghost

Action                   || total
-------------------------++-------
Melee: Short sword       ||     9
       Dagger            ||     4
Throw: Stone             ||     1
 Cast: Magic Dart        ||    75
       Searing Ray       ||     4
  Use: Scroll            ||     2
  Eat: Chunk             ||     3
